 Dungeon Crawl Stone Soup version 0.21-a0-504-g2eda330 (webtiles) character file.

106 Goblin1989 the Magician (level 4, -7/24 HPs)
             Began as a Deep Elf Fire Elementalist on Nov 25, 2017.
             Was an Initiate of Gozag.
             Mangled by Rayvis's ghost (17 damage)
             ... on level 4 of the Dungeon.
             The game lasted 00:12:22 (3272 turns).

Goblin1989 the Magician (DEFE)                      Turns: 3272, Time: 00:12:23

Health: -7/24      AC:  2    Str:  5    XL:     4   Next: 55%
Magic:  11/12      EV: 13    Int: 21    God:    Gozag
Gold:   544        SH:  0    Dex: 15    Spells: 1/12 levels left

rFire    . . .     SeeInvis .   i - +0 club
rCold    . . .     Gourm    .   (no shield)
rNeg     . . .     Faith    .   a - +0 robe
rPois    .         Spirit   .   (no helmet)
rElec    .         Reflect  .   (no cloak)
rCorr    .         Harm     .   (no gloves)
MR       .....                  (no boots)
Stlth    ++........             (no amulet)
HPRegen  0.08/turn              (no ring)
MPRegen  0.13/turn              (no ring)

@: very slightly contaminated
A: no striking features
a: Potion Petition, Call Merchant, Bribe Branch, Renounce Religion


You were on level 4 of the Dungeon.
You worshipped Gozag.
Gozag was pleased with you.
You were hungry.

You visited 1 branch of the dungeon, and saw 4 of its levels.

You collected 544 gold pieces.

Inventory:

Hand Weapons
 i - a +0 club (weapon)
Missiles
 x - 2 javelins (quivered)
 z - 13 stones
Armour
 a - a +0 robe (worn)
 t - a +0 helmet
Scrolls
 h - 2 scrolls of remove curse {unknown}
 j - 4 scrolls of identify {unknown}
 k - 3 scrolls of teleportation {unknown}
 o - a scroll of fear {unknown}
 p - a scroll of magic mapping {unknown}
 u - a scroll of random uselessness {unknown}
 v - a scroll of immolation {unknown}
 w - 4 scrolls of noise {unknown}
 y - a scroll of enchant armour {unknown}
Potions
 f - 2 potions of degeneration {unknown}
 l - a potion of might {unknown}
 m - 2 potions of heal wounds {unknown}
 n - a potion of mutation {unknown}
 r - a potion of agility {unknown}
 s - a potion of ambrosia {unknown}
Books
 b - a book of Flames

   Spells                             Type                      Level
   a - Flame Tongue                   Conjuration/Fire             1
   b - Throw Flame                    Conjuration/Fire             2
   c - Conjure Flame                  Conjuration/Fire             3
   d - Inner Flame                    Hexes/Fire                   3
   e - Sticky Flame                   Conjuration/Fire             4
   f - Fireball                       Conjuration/Fire             5
Comestibles
 e - 2 bread rations {@e1}
 q - 2 meat rations {@e2}


   Skills:
 - Level 2.4 Dodging
 - Level 2.4 Stealth
 * Level 4.6 Spellcasting
 + Level 2.8 Conjurations
 + Level 4.2 Fire Magic


You had one spell level left.
You knew the following spells:

 Your Spells              Type           Power        Failure   Level  Hunger
a - Flame Tongue          Conj/Fire      ###..        2%          1    None
b - Inner Flame           Hex/Fire       ##......     14%         3    ##.....
c - Sticky Flame          Conj/Fire      ###.....     26%         4    ####...
j - Conjure Flame         Conj/Fire      ###.....     8%          3    ##.....


Dungeon Overview and Level Annotations

Branches:
Dungeon (4/15)
 Temple: D:4-7

Altars:
Gozag
Vehumet

Annotations:
D:3 Goblin1989's ghost, amateur OpTm
D:4 Rayvis's ghost, amateur DsFi


Message History

Confirm with . or Enter, or press ? or * to list all spells.
Aiming: Flame Tongue
Press: ? - help, Shift-Dir - straight line, f/p - adder skeleton
Aim: an adder skeleton (severely damaged)
The flame tongue hits the adder skeleton.
You destroy the adder skeleton!
You now have 9/12 mp.
You now have 529 gold pieces (gained 7).
Okay, then.
j - 4 scrolls labeled DORO CAUMEITZ (gained 1)
You regained 2 mp, and now have 11/12 mp.
Magic restored.
A shadow imp comes into view.
You are feeling hungry.
MP restored: 12
Casting: Flame Tongue
Confirm with . or Enter, or press ? or * to list all spells.
Aiming: Flame Tongue
Press: ? - help, Shift-Dir - straight line, f - shadow imp
Aim: a shadow imp The flame tongue hits the shadow imp.
The shadow imp is heavily wounded.
The shadow imp misses you.
You now have 11/12 mp.
Casting: Flame Tongue
Confirm with . or Enter, or press ? or * to list all spells.
Aiming: Flame Tongue
Press: ? - help, Shift-Dir - straight line, f/p - shadow imp
Aim: a shadow imp (heavily wounded)
The flame tongue misses the shadow imp.
The shadow imp hits you.
You take 1 damage, and have 23/24 hp.
You now have 10/12 mp.
Casting: Flame Tongue
Confirm with . or Enter, or press ? or * to list all spells.
Aiming: Flame Tongue
Press: ? - help, Shift-Dir - straight line, f/p - shadow imp
Aim: a shadow imp (heavily wounded)
The flame tongue hits the shadow imp.
The shadow imp is severely wounded.
The shadow imp barely misses you.
You now have 9/12 mp.
Casting: Flame Tongue
Confirm with . or Enter, or press ? or * to list all spells.
Aiming: Flame Tongue
Press: ? - help, Shift-Dir - straight line, f/p - shadow imp
Aim: a shadow imp (severely wounded)
The flame tongue misses the shadow imp.
The shadow imp gestures at you.
You barely resist.
Health restored: 24 You now have 8/12 mp.
Casting: Flame Tongue
Confirm with . or Enter, or press ? or * to list all spells.
Aiming: Flame Tongue
Press: ? - help, Shift-Dir - straight line, f/p - shadow imp
Aim: a shadow imp (severely wounded)
The flame tongue hits the shadow imp.
You kill the shadow imp!
You now have 7/12 mp.
Unknown command.
You now have 535 gold pieces (gained 6).
A quokka comes into view.
A quokka is nearby!
A quokka is nearby!
A quokka is nearby!
Casting: Flame Tongue
Confirm with . or Enter, or press ? or * to list all spells.
Aiming: Flame Tongue
Press: ? - help, Shift-Dir - straight line, f - quokka
Aim: a quokka The flame tongue hits the quokka.
You kill the quokka!
You now have 7/12 mp.
You now have 544 gold pieces (gained 9).
A phantom comes into view.
You see here a potion of curing {@q1}.
A phantom is nearby!
A phantom is nearby!
A phantom is nearby!
The phantom blinks!
Rayvis's ghost (amateur Demonspawn Fighter) comes into view.
The phantom hits you!
The phantom blinks!
You take 8 damage, and have 16/24 hp.
MASSIVE DAMAGE!!
You hit the phantom but do no damage. The phantom hits you!
* * * LOW HITPOINT WARNING * * *
You take 7 damage, and have 9/24 hp.
MASSIVE DAMAGE!!
Casting: Flame Tongue
Confirm with . or Enter, or press ? or * to list all spells.
Aiming: Flame Tongue
Press: ? - help, Shift-Dir - straight line, f - phantom
Aim: a phantom You miscast Flame Tongue.
You are very lightly contaminated with residual magic.
Heat runs through your body.
The phantom blinks!
You now have 10/12 mp.
The phantom barely misses you.
Rayvis's ghost turns its malevolent gaze towards you.
Rayvis's ghost hits you!
Ouch! That really hurt!
You die...
Your body crumbles into a pile of gold.

..█.█ ███.█.█ █.....█
█<....█ █.██....█
█.......████████
███▲█████...........
███████...W...∆.......███.
█........@.█ █.W██████
█..........█ █..█
█.......W..█ █..█
█..........█ █..█
█..........█ █..█
█.$....█████ █..█
█......████████..█
.█..!.............█
...........███████████


You could see a phantom and Rayvis's ghost.

Vanquished Creatures
  2 adders (D:2)
  A shadow imp (D:4)
  An ooze (D:1)
  An adder skeleton (D:4)
  2 dart slugs
  4 worms
  A ball python (D:2)
  5 giant cockroaches
  6 goblins
  10 hobgoblins
  6 kobolds
  3 quokkas
  8 bats
  3 frilled lizards (D:1)
  5 rats
  A fungus (D:3)
59 creatures vanquished.

Notes
Turn   | Place    | Note
-------+----------+-------------------------------------------
     0 | D:1      | Goblin1989 the Deep Elf Fire Elementalist began the quest for the Orb.
     0 | D:1      | Reached XP level 1. HP: 10/10 MP: 6/6
   119 | D:2      | Reached XP level 2. HP: 12/15 MP: 2/8
   126 | D:3      | Found a faded altar of an unknown god.
   147 | D:3      | Became a worshipper of Gozag Ym Sagoz the Greedy
   726 | D:1      | Reached XP level 3. HP: 19/19 MP: 7/9
   735 | D:1      | Learned a level 3 spell: Conjure Flame
  2347 | D:2      | Reached XP level 4. HP: 24/24 MP: 9/12
  2362 | D:2      | Learned a level 3 spell: Inner Flame
  2367 | D:2      | Learned a level 4 spell: Sticky Flame
  2533 | D:3      | Found a radiant altar of Vehumet.
  2653 | D:3      | Noticed Goblin1989's ghost (amateur OpTm)
  3243 | D:4      | Noticed a phantom
  3256 | D:4      | Noticed Rayvis's ghost (amateur DsFi)
  3272 | D:4      | Mangled by Rayvis's ghost

Vault maps used:
D:1:      sevenhm_arrival_forest_fort_large_2
D:2:      minmay_heptomino_w4
D:3:      nicolae_overflow_crystal_walls, lemuel_coloured_pillars_altar,
          chequers_ecumenical_altar_simple_redux, minmay_misc_feat_pillars,
          minmay_gold_behind_fungi
D:4:      lemuel_doored_altar, old_standard_altar, lemuel_temple_firewalk_b,
          kennysheep_pointless_box, minmay_lizard_king, uniq_grinder

Skill      XL: |  1  2  3 |
---------------+----------+-----
Conjurations   | 2 |  2.8
Fire Magic     | 4 |  4.2
Spellcasting   | 4 |  4.6
Dodging        | |  2.4
Stealth        | |  2.4

Action                   |  1- 3 |  4- 6 || total
-------------------------+-------+-------++-------
Melee: Club              |     3 |    30 ||    33
 Cast: Flame Tongue      |    79 |    47 ||   126
  Eat: Bread ration      |     1 |       ||     1
       Royal jelly       |     1 |       ||     1
Armor: Robe              |     5 |       ||     5
Dodge: Dodged            |    22 |    12 ||    34

Table legend:
 A = Spawn XP
 B = Non-spawn XP
 C = Spawn XP percentage of total XP
 D = Spawn monster count
 E = Non-spawn monster count
 F = Spawn count percentage of total count
 G = Total turns spent on level
                    A         B        C        D         E        F      G
               +---------+---------+-------+---------+---------+-------+---------
         Total |       0 |     152 |   0.0 |       0 |      58 |   0.0 |  3272
               +---------+---------+-------+---------+---------+-------+---------
           D:1 |       0 |      40 |   0.0 |       0 |      22 |   0.0 |  1538
           D:2 |       0 |      68 |   0.0 |       0 |      24 |   0.0 |  1163
           D:3 |       0 |      25 |   0.0 |       0 |       9 |   0.0 |   496
           D:4 |       0 |      19 |   0.0 |       0 |       3 |   0.0 |    75
               +---------+---------+-------+---------+---------+-------+---------

Vault maps used:
D:1:      sevenhm_arrival_forest_fort_large_2
D:2:      minmay_heptomino_w4
D:3:      nicolae_overflow_crystal_walls, lemuel_coloured_pillars_altar,
          chequers_ecumenical_altar_simple_redux, minmay_misc_feat_pillars,
          minmay_gold_behind_fungi
D:4:      lemuel_doored_altar, old_standard_altar, lemuel_temple_firewalk_b,
          kennysheep_pointless_box, minmay_lizard_king, uniq_grinder
